 Seeded DCSS version 0.29-a0-375-g5102b3be25 (webtiles) character file.

Game seed: 12277325093202877910 (custom seed)

144799 zeratav the Markstengu (level 17, -1/106 HPs)
             Began as a Tengu Hunter on May 3, 2022.
             Was the Champion of Dithmenos.
             Slain by a steelbarb worm (19 damage)
             ... on level 4 of the Lair of Beasts.
             The game lasted 01:30:44 (22071 turns).

zeratav the Markstengu (Tengu Hunter)              Turns: 22071, Time: 01:30:44

Health: -1/106     AC: 26    Str: 14    XL:     17   Next: 11%
Magic:  25/25      EV: 25    Int: 11    God:    Dithmenos [******]
Gold:   1428       SH:  0    Dex: 27    Spells: 16/16 levels left

rFire   + . .      SeeInvis +   q - +6 shortbow (vorpal) {bow}
rCold   . . .      Faith    .   (shield currently unavailable)
rNeg    + . .      Spirit   .   d - +8 ring mail "Fixzy" {rF+ Regen+ Stlth+}
rPois   +          Reflect  .   U - +2 hat
rElec   .          Harm     .   c - +0 cloak {rPois}
rCorr   .          Rampage  .   i - +2 pair of gloves {Dex+3}
Will    ++...                   (boots unavailable)
Stlth   +++++.....              f - amulet of regeneration {@e2}
HPRegen 1.87/turn               E - ring of Xih Guut {rC- rN+ AC+4 SInv}
MPRegen 0.19/turn               D - ring "Noem" {rC+ Will+ Str+2}

@: flying quickly and evasively, wreathed by umbra, studying Unarmed Combat,
quick
A: beak, talons 3, nimble flight
}: 1/15 runes: barnacled
a: Renounce Religion, Shadow Step, Shadow Form


You were on level 4 of the Lair of Beasts.
You worshipped Dithmenos.
Dithmenos was exalted by your worship.
You visited 6 branches of the dungeon, and saw 24 of its levels.
You also visited: Gauntlet and Volcano.

You collected 3210 gold pieces.
You spent 1782 gold pieces at shops.


Innate Abilities, Weirdness & Mutations

You have a beak for a mouth.
You have claws for feet.
Your magical nature lets you fly swiftly and evasively.


   Skills:
 - Level 12.0 Fighting
 + Level 18.6 Bows
 - Level 10.0 Armour
 - Level 12.0 Dodging
 - Level 1.0 Stealth
 - Level 10.0 Invocations
 + Level 14.9 Evocations


You had 16 spell levels left.
You didn't know any spells.
Your spell library contained the following spells:

 Spells                   Type           Power      Damage    Failure   Level
 Apportation              Tloc           0%         N/A       52%         1
 Magic Dart               Conj           0%         1d3       52%         1
 Pain                     Necr           0%         1d4       52%         1
 Searing Ray              Conj           0%         2d4       67%         2
 Call Canine Familiar     Summ           0%         N/A       88%         3
 Gell's Gravitas          Tloc           0%         N/A       88%         3
 Lesser Beckoning         Tloc           0%         N/A       88%         3
 Portal Projectile        Hex/Tloc       0%         N/A       88%         3
 Teleport Other           Tloc           0%         N/A       88%         3
 Animate Dead             Necr           0%         N/A       99%         4
 Fulminant Prism          Conj/Hex       0%         3d6       99%         4
 Leda's Liquefaction      Hex/Erth       0%         N/A       99%         4
 Agony                    Necr           0%         N/A       100%        5
 Alistair's Intoxication  Tmut/Pois      0%         N/A       100%        5
 Borgnjor's Vile Clutch   Necr/Erth      0%         N/A       100%        5
 Excruciating Wounds      Necr           0%         N/A       100%        5
 Lee's Rapid Deconstruct  Erth           0%         3d5*      100%        5
 Death Channel            Necr           0%         N/A       100%        6
 Dispersal                Tloc           0%         N/A       100%        6
 Statue Form              Tmut/Erth      0%         N/A       100%        6
 Disjunction              Tloc           0%         N/A       100%        8

Inventory:

Hand Weapons
 p - a +2 longbow of freezing {bow}
   (You acquired it on level 1 of the Lair of Beasts)
 q - a +6 vorpal shortbow (weapon) {bow}
   (You acquired it on level 3 of the Dungeon)
Armour
 b - a +0 robe
   (You took it off a merfolk impaler on level 4 of the Shoals)
 c - a +0 cloak of poison resistance (worn)
   (You bought it in a shop on level 2 of the Orcish Mines)
 d - the +8 ring mail "Fixzy" (worn) {rF+ Regen+ Stlth+}
   (You found it on level 5 of the Dungeon)

   rF:        It protects you from fire.
   Regen:     It increases your rate of health regeneration.
   Stlth:     It makes you more stealthy.
 i - a +2 pair of gloves of dexterity (worn)
   (You found it on level 4 of the Lair of Beasts)
 o - a +2 robe of positive energy
   (You took it off a merfolk impaler on level 4 of the Shoals)
 u - a +0 robe
   (You took it off a merfolk impaler on level 4 of the Shoals)
 M - a +0 robe
   (You took it off a merfolk impaler on level 4 of the Shoals)
 N - a +0 robe
   (You took it off a merfolk impaler on level 4 of the Shoals)
 P - a +0 robe
   (You took it off a merfolk aquamancer on level 4 of the Shoals)
 Q - a +0 robe
   (You took it off a merfolk aquamancer on level 4 of the Shoals)
 R - a +2 robe of cold resistance
   (You found it on level 4 of the Lair of Beasts)
 U - a +2 hat (worn)
   (You found it on level 7 of the Dungeon)
Jewellery
 f - an amulet of regeneration (around neck) {@e2}
   (You bought it in a shop on level 8 of the Dungeon)
 y - a ring of protection from fire
   (You found it on level 4 of the Shoals)
 D - the ring "Noem" (right hand) {rC+ Will+ Str+2}
   (You bought it in a shop on level 2 of the Shoals)

   [ring of willpower]

   Str:       It affects your strength (+2).
   rC:        It protects you from cold.
   Will:      It increases your willpower.
 E - the ring of Xih Guut (left hand) {rC- rN+ AC+4 SInv}
   (You bought it in a shop on level 2 of the Shoals)

   [ring of protection]

   AC:        It affects your AC (+4).
   rC:        It makes you vulnerable to cold.
   rN:        It protects you from negative energy.
   SInv:      It lets you see invisible.
 F - a ring of positive energy
   (You found it on level 5 of the Dungeon)
 L - a ring of protection from fire
   (You found it on level 9 of the Dungeon)
 V - a ring of protection from cold
   (You found it on level 3 of the Lair of Beasts)
Wands
 l - a wand of iceblast (9)
   (You found it on level 2 of the Dungeon)
 n - a wand of flame (29)
   (You found it on level 5 of the Dungeon)
 A - a wand of polymorph (32)
   (You found it on level 6 of the Dungeon)
 I - a wand of digging (2)
   (You found it on level 8 of the Dungeon)
 K - a wand of paralysis (10)
   (You found it on level 5 of the Dungeon)
 T - a wand of acid (13)
   (You took it off Sonja on level 2 of the Lair of Beasts)
 Z - a wand of mindburst (11)
   (You found it on level 5 of the Lair of Beasts)
Scrolls
 g - 5 scrolls of teleportation {@r4}
 h - 8 scrolls of poison {!r}
 k - a scroll of identify {@r1}
 m - 2 scrolls of brand weapon
 r - 4 scrolls of fog
 s - 6 scrolls of amnesia
 v - a scroll of fear
 w - 6 scrolls of vulnerability {!r!r}
 z - a scroll of silence {!r}
 B - a scroll of immolation {!r!r}
 G - 3 scrolls of magic mapping {!r}
Potions
 a - 8 potions of mutation {!q}
 e - 6 potions of attraction {!q}
 j - 5 potions of might
 t - 6 potions of resistance
 x - 11 potions of curing {@q1}
 C - a potion of haste {@q3}
 H - a potion of invisibility
 J - a potion of heal wounds {@q2}
 X - a potion of cancellation
 Y - 2 potions of ambrosia
Miscellaneous
 O - a condenser vane (inert)
   (You found it on level 2 of the Lair of Beasts)

Dungeon Overview and Level Annotations

Branches:
Dungeon (10/15)            Temple (1/1) D:4            Lair (6/6) D:10
 Shoals (4/4) Lair:3       Spider (1/4) Lair:4        Slime (0/5) Lair:5
    Orc (2/2) D:10            Elf (0/3) Orc:2       Volcano (visited)
Gauntlet (visited)

Altars:
Ashenzari
Dithmenos
Elyvilon
Fedhas
Gozag
Hepliaklqana
Kikubaaqudgha
Makhleb
Okawaru
Qazlal
Ru
Sif Muna
Uskayaw
Vehumet
Yredelemnul
Zin
The Shining One
Beogh
Jiyva

Shops:
D:8 (=[*:   Orc:2 [:(=   Shoals:2 =

Annotations:
Lair:2 2 transporters, exclusion: 2 oklob plants, Gelos's ghost, journeyman TrWr
Lair:5 1 runed translucent door
Shoals:2 Bai Suzhen

##.......## ##......# #......#
#......## ##......P# #.......##
##§§§....# #§s§§§..# #§§@w§.P# ##
#.§s§§.## .######### #.§§§..# ###
####
.##..#...#####......#####.####.P#
.................................
.................................
.................................
......................#+.........
........†...........#.8.#........


You could see a steelbarb worm, a wolf spider and a culicivora.


Message History

The culicivora completely misses you. The wolf spider completely misses you.
The wolf spider bites you but does no damage.
The tarantella completely misses you.
HP[+1] Shoot: q) +6 shortbow (vorpal) {bow}
Press: ? - help, Q - select action, (/) - cycle Shift-Dir - straight line, f/p - tarantella
Aim: a tarantella (heavily wounded, umbra, 71% to hit)
You shoot an arrow. The arrow hits the tarantella.
Your shadow shoots an arrow.
The arrow hits the tarantella.
The steelbarb worm closely misses you. The culicivora closely misses you.
The wolf spider completely misses you. The wolf spider misses you.
The tarantella barely misses you.
HP[+2]
You regained 2 hp, and now have 52/106 hp.
Shoot: q) +6 shortbow (vorpal) {bow}
Press: ? - help, Q - select action, (/) - cycle Shift-Dir - straight line, f/p - tarantella
Aim: a tarantella (severely wounded, umbra, 71% to hit)
You shoot an arrow. The arrow hits the tarantella!
The tarantella is healed somewhat.
The wolf spider misses you. The wolf spider completely misses you.
The tarantella touches you.
* * * LOW HITPOINT WARNING * * *
The steelbarb worm hits you!
* * * LOW HITPOINT WARNING * * *
Barbed spikes become lodged in your body.
HP[-20]
You take 20 damage, and now have 32/106 hp.
Shoot: q) +6 shortbow (vorpal) {bow}
Press: ? - help, Q - select action, (/) - cycle Shift-Dir - straight line, f/p - tarantella
Aim: a tarantella (heavily wounded, umbra, 71% to hit)
You shoot an arrow.
The arrow completely misses the tarantella.
The culicivora completely misses you. The wolf spider barely misses you.
The wolf spider closely misses you. The tarantella touches you!
* * * LOW HITPOINT WARNING * * *
The steelbarb worm misses you. The wolf spider barely misses you.
The wolf spider bites you but does no damage.
The tarantella is healed somewhat.
HP[-10]
You take 10 damage, and now have 22/106 hp.
Shoot: q) +6 shortbow (vorpal) {bow}
Press: ? - help, Q - select action, (/) - cycle Shift-Dir - straight line, f/p - tarantella
Aim: a tarantella (moderately wounded, umbra, 71% to hit)
You shoot an arrow. The arrow hits the tarantella.
Your shadow shoots an arrow.
The arrow hits the tarantella but does no damage.
The tarantella completely misses you. The steelbarb worm barely misses you.
The culicivora bites you!
* * * LOW HITPOINT WARNING * * *
The culicivora draws strength from your injuries!
The wolf spider misses you.
The wolf spider bites you but does no damage.
The tarantella misses you.
HP[-6]
You take 6 damage, and now have 16/106 hp.
Shoot: q) +6 shortbow (vorpal) {bow}
Press: ? - help, Q - select action, (/) - cycle Shift-Dir - straight line, f/p - tarantella
Aim: a tarantella (moderately wounded, umbra, 71% to hit)
You shoot an arrow. The arrow hits the tarantella!
You kill the tarantella!
Dithmenos accepts your kill.
Your shadow shoots an arrow.
The steelbarb worm hits you but does no damage.
The culicivora completely misses you. The wolf spider barely misses you.
The wolf spider closely misses you.
HP[+2]
You regained 2 hp, and now have 18/106 hp.
Shoot: q) +6 shortbow (vorpal) {bow}
Press: ? - help, Q - select action, (/) - cycle Shift-Dir - straight line, f - wolf spider
Aim: a wolf spider (severely wounded, umbra, 78% to hit)
You shoot an arrow.
The arrow barely misses the wolf spider.
Your shadow shoots an arrow.
The arrow hits the wolf spider.
The wolf spider is healed somewhat.
The wolf spider completely misses you. x2
The steelbarb worm closely misses you.
HP[+1] Shoot: q) +6 shortbow (vorpal) {bow}
Press: ? - help, Q - select action, (/) - cycle Shift-Dir - straight line, f/p - wolf spider
Aim: a wolf spider (heavily wounded, umbra, 78% to hit)
You shoot an arrow. The arrow hits the wolf spider!!
The culicivora bites you!
* * * LOW HITPOINT WARNING * * *
You emit a cloud of dark smoke.
The culicivora draws strength from your injuries!
The wolf spider hits you but does no damage.
The wolf spider misses you.
The steelbarb worm hits you but does no damage.
HP[-14]
You take 14 damage, and now have 5/106 hp.
You feel better. The culicivora misses you. The wolf spider barely misses you.
The wolf spider closely misses you. The steelbarb worm closely misses you.
The culicivora bites you but does no damage.
The wolf spider closely misses you. The wolf spider misses you.
HP[+12]
You regained 12 hp, and now have 17/106 hp.
Clouds of freezing vapour condense around you!
The condenser dries out!
You carefully extract the barbed spikes from your body.
The wolf spider is healed somewhat.
The wolf spider is engulfed in freezing vapours.
The wolf spider closely misses you. x2; The steelbarb worm hits you!!
You die...

Skill      XL: |  1  2  3  4  5  6  7  8  9 10 11 12 13 14 15 16 |
---------------+-------------------------------------------------+-----
Bows           | 5 6 8 10 12 15 16 18 | 18.6
Armour         | 4 9 10 | 10.0
Fighting       | 4 8 9 12 | 12.0
Dodging        | 7 8 10 12 | 12.0
Invocations    | 7 10 | 10.0
Evocations     | 6 12 14 | 14.9
Stealth        | |  1.0

Action                   |  1- 3 |  4- 6 |  7- 9 | 10-12 | 13-15 | 16-18 || total
-------------------------+-------+-------+-------+-------+-------+-------++-------
Melee: Hand axe          |       |       |     2 |       |       |       ||     2
       Shortbow          |       |       |       |       |     1 |       ||     1
 Fire: Shortbow          |    76 |    90 |   307 |   672 |  1620 |   881 ||  3646
Invok: Shadow Form       |       |       |       |       |       |     2 ||     2
Evoke: Condenser vane    |       |       |       |       |       |     2 ||     2
  Use: Scroll            |       |     1 |    10 |    13 |    16 |     7 ||    47
       Potion            |       |       |       |       |     2 |     7 ||     9
Armor: Leather armour    |     8 |    10 |     4 |       |       |       ||    22
       Ring mail         |       |       |    72 |   224 |   270 |   221 ||   787
Dodge: Dodged            |    28 |    16 |   120 |   614 |  1028 |   903 ||  2709

Levels and vault maps discovered:
D:1:      tarquinn_simple_flora_water_e, layout_basic, basic_ecumenical_altar,
          nicolae_concentric_dashed_squares_wild
D:2:      layout_basic
D:3:      layout_loops_ring
D:4:      layout_loops_corners, minmay_temple_entry_sparse_star
D:5:      layout_basic, mainiacjoe_overflow_six_doors_small
D:6:      layout_rooms
D:7:      layout_gridville, uniq_duvessa
D:8:      layout_loops_ring, serial_shops, shop, shop,
          nicolae_shop_bloodbath_and_beyond, nicolae_shop_crystal, shop,
          uniq_grum
D:9:      cheibrodos_steamvent, layout_basic, serial_corexii_hall,
          corexii_hall_statues_i, corexii_hall_statues_i, roderic_lattice_a,
          minmay_misc_feat_alley, uniq_harold
D:10:     layout_long_grid, dpeg_lair_monsters, zombieorc1_lemuel
Temple:   dpeg_three_leaves_temple
Lair:1:   layout_misc_corridors, gauntlet_entry_generic, beast_lair_carwin_4,
          lemuel_fruit_tree, grunt_megastairs_2
Lair:2:   layout_misc_corridors, nzn_ghost_randoct,
          nicolae_volcano_entry_batcave, uniq_sonja
Lair:3:   layout_gridlike, minmay_shoals_entry_hut,
          nicolae_lair_grove_arrangements
Lair:4:   layout_big_grid, dummy_spider_entry, grunt_megastairs_5,
          serial_bayou_shore_a
Lair:5:   layout_small_grid, slime_altar_2, infiniplex_staircase_pool_2,
          uniq_urug
Lair:6:   grunt_lair_end_beastmaster, layout_regular_city
Shoals:1: layout_shoals, overgrown_statue
Shoals:2: layout_shoals, serial_shops, shop
Shoals:3: layout_shoals, uniq_bai_suzhen
Shoals:4: shoals_end_simple, layout_shoals, uniq_polyphemus
Spider:1: layout_cave_pods
Orc:1:    layout_diamond_mine, nicolae_orc_stony_grotto, mines1_david,
          uniq_fannar, uniq_josephine
Orc:2:    grunt_orc_tribal_feast, layout_caves, uniq_erolcha, uniq_donald,
          uniq_saint_roka

Notes
Turn   | Place    | Note
-------+----------+-------------------------------------------
     0 | D:1      | zeratav the Tengu Hunter began the quest for the Orb.
     0 | D:1      | Reached XP level 1. HP: 12/12 MP: 2/2
     0 | D:1      | magus.rc [v1.9.6]
   197 | D:1      | Reached skill level 5 in Bows
   197 | D:1      | Reached XP level 2. HP: 8/17 MP: 3/3
   520 | D:1      | Reached XP level 3. HP: 9/21 MP: 4/4
   777 | D:1      | You fall into a shaft and drop 1 floor!
   999 | D:1      | Found a faded altar of an unknown god.
  1620 | D:3      | Reached skill level 6 in Bows
  1620 | D:3      | Reached XP level 4. HP: 26/26 MP: 5/5
  1762 | D:3      | Noticed a bullfrog
  1766 | D:3      | Killed a bullfrog
  1767 | D:3      | Gained mutation: Your magical nature lets you fly swiftly
                  | and evasively. [Tengu growth]
  1767 | D:3      | Reached XP level 5. HP: 28/30 MP: 6/6
  1803 | D:3      | Identified a scroll of acquirement
  1803 | D:3      | Acquired a +2 vorpal shortbow
  1890 | D:3      | Reached skill level 7 in Bows
  2322 | D:4      | Noticed a phantom
  2326 | D:4      | Killed a phantom
  2372 | D:4      | Noticed a black bear
  2466 | D:4      | Killed a black bear
  2467 | D:4      | Reached skill level 8 in Bows
  2467 | D:4      | Reached XP level 6. HP: 30/35 MP: 7/7
  2651 | D:4      | Found a staircase to the Ecumenical Temple.
  2663 | Temple   | Entered the Ecumenical Temple
  2673 | Temple   | Became a worshipper of Dithmenos the Shadowed
  3222 | D:4      | You pick up a book of Pain and begin reading...
  3222 | D:4      | You add the spells Pain, Agony and Excruciating Wounds to
                  | your library.
  3289 | D:4      | Reached XP level 7. HP: 40/40 MP: 8/8
  3293 | D:4      | Reached skill level 9 in Bows
  3503 | D:5      | Entered Level 5 of the Dungeon
  3643 | D:5      | Reached skill level 10 in Bows
  3649 | D:5      | Reached * piety under Dithmenos
  3664 | D:5      | Reached XP level 8. HP: 41/44 MP: 9/9
  3875 | D:5      | Reached skill level 11 in Bows
  3906 | D:5      | Identified the +8 ring mail "Fixzy" {rF+ Regen+ Stlth+}
  3999 | D:5      | Found a stormy altar of Qazlal.
  4298 | D:6      | Reached skill level 12 in Bows
  4305 | D:6      | Reached skill level 1 in Armour
  4307 | D:6      | Reached skill level 2 in Armour
  4314 | D:6      | Reached skill level 3 in Armour
  4329 | D:5      | Reached skill level 4 in Armour
  4362 | D:5      | Reached XP level 9. HP: 47/48 MP: 10/10
  4373 | D:6      | Reached skill level 5 in Armour
  4389 | D:6      | Reached skill level 6 in Armour
  4467 | D:6      | Identified the +10 hand axe of the Warrior-Mage {drain, rF+
                  | rC+ Int+2}
  4496 | D:6      | Reached skill level 7 in Armour
  4719 | D:6      | Reached ** piety under Dithmenos
  4866 | D:7      | Noticed a hornet
  4874 | D:6      | Reached skill level 8 in Armour
  5075 | D:7      | Reached skill level 9 in Armour
  5097 | D:7      | Reached skill level 3 in Fighting
  5163 | D:7      | Paralysed by a hornet for 1 turns
  5167 | D:7      | Killed a hornet
  5168 | D:7      | Reached skill level 4 in Fighting
  5172 | D:7      | Reached XP level 10. HP: 36/58 MP: 11/11
  5224 | D:7      | Identified the +8 rapier of Pydanur {protect, rC+ SInv}
  5226 | D:7      | Identified the +7 flail "Dotuka" {venom, Fly rF+ Int+4}
  5260 | D:7      | Noticed Duvessa
  5261 | D:7      | Noticed Dowan
  5269 | D:7      | Killed Duvessa
  5276 | D:7      | Killed Dowan
  5277 | D:7      | Reached skill level 5 in Fighting
  5431 | D:7      | You pick up a book of the Earth and begin reading...
  5431 | D:7      | You add the spells Leda's Liquefaction, Lee's Rapid
                  | Deconstruction and Statue Form to your library.
  5452 | D:7      | Identified the +6 chain mail of the King of the Hill
                  | {Rampage}
  5561 | D:7      | Reached skill level 6 in Fighting
  5778 | D:8      | Found Acsaikutt's Jewellery Shoppe.
  5782 | D:8      | Bought an amulet of regeneration for 360 gold pieces
  5823 | D:8      | Found Vuplax's Weapon Emporium.
  5860 | D:8      | Found Reinweu's General Store.
  5890 | D:8      | Noticed Grum
  5895 | D:8      | Paralysed by a hornet for 1 turns
  5909 | D:8      | Killed Grum
  5910 | D:8      | Reached skill level 7 in Fighting
  5931 | D:8      | Found Paxutar's Book Emporium.
  5978 | D:8      | Bought 3 scrolls of enchant weapon for 315 gold pieces
  6163 | D:8      | Found Pagat's Antique Armour Shoppe.
  6272 | D:8      | Reached skill level 8 in Fighting
  6613 | D:9      | Reached skill level 3 in Dodging
  6674 | D:9      | Noticed Harold
  6680 | D:9      | Killed Harold
  6681 | D:9      | Reached skill level 5 in Dodging
  6706 | D:9      | You pick up a book of Conjurations {@e2} and begin
                  | reading...
  6706 | D:9      | You add the spells Magic Dart, Searing Ray and Fulminant
                  | Prism to your library.
  6743 | D:9      | Reached *** piety under Dithmenos
  6744 | D:9      | Reached skill level 6 in Dodging
  6865 | D:9      | Noticed a five-headed hydra
  6872 | D:9      | Killed a five-headed hydra
  6873 | D:9      | Reached skill level 7 in Dodging
  6873 | D:9      | Reached XP level 11. HP: 68/68 MP: 12/12
  7292 | D:10     | Entered Level 10 of the Dungeon
  7315 | D:10     | Acquired 636 gold pieces
  7336 | D:10     | Reached skill level 8 in Dodging
  7347 | D:10     | Found a staircase to the Orcish Mines.
  7450 | D:10     | Reached **** piety under Dithmenos
  7472 | D:10     | Noticed a death yak
  7482 | D:10     | Killed a death yak
  7492 | D:10     | Found a staircase to the Lair.
  7493 | D:10     | Noticed a death yak
  7493 | D:10     | Noticed a death yak
  7493 | D:10     | Noticed a death yak
  7494 | D:10     | Noticed a death yak
  7494 | D:10     | Noticed a death yak
  7522 | D:10     | Reached skill level 13 in Bows
  7558 | D:10     | Killed a death yak
  7604 | D:10     | Noticed a death yak
  7673 | D:10     | Killed a death yak
  7793 | D:10     | Reached skill level 14 in Bows
  8106 | D:10     | Noticed a two-headed ogre
  8110 | D:10     | Killed a two-headed ogre
  8149 | D:10     | Noticed a death yak
  8157 | D:10     | Noticed a death yak
  8270 | D:9      | Killed a death yak
  8271 | D:9      | Reached skill level 15 in Bows
  8308 | D:9      | Killed a death yak
  8309 | D:9      | Reached XP level 12. HP: 73/73 MP: 13/13
  8314 | D:9      | Killed a death yak
  8336 | D:9      | Killed a death yak
  8385 | D:9      | Killed a death yak
  8386 | D:9      | Reached skill level 16 in Bows
  8386 | D:9      | Reached skill level 1 in Invocations
  8392 | D:9      | Killed a death yak
  8393 | D:9      | Reached skill level 2 in Invocations
  8682 | Lair:1   | Entered Level 1 of the Lair of Beasts
  8737 | Lair:1   | Reached skill level 3 in Invocations
  8863 | Lair:1   | Reached skill level 4 in Invocations
  8883 | Lair:1   | Reached skill level 10 in Armour
  8898 | Lair:1   | Found a gate leading to a gauntlet.
  8930 | Gauntlet | Entered a Gauntlet
  8930 | Gauntlet | Found a transporter.
  8938 | Gauntlet | Noticed a catoblepas
  8941 | Gauntlet | Found a transporter.
  8942 | Gauntlet | Found a transporter.
  8950 | Gauntlet | Found a transporter.
  8954 | Gauntlet | Found a transporter.
  8963 | Gauntlet | Found a transporter.
  8968 | Gauntlet | Found a transporter.
  8976 | Gauntlet | Found a transporter.
  8981 | Gauntlet | Found a transporter.
  8989 | Gauntlet | Found a transporter.
  9023 | Gauntlet | Found a transporter.
  9035 | Gauntlet | Found a transporter.
  9048 | Gauntlet | Found a transporter.
  9061 | Gauntlet | Found a transporter.
  9173 | Gauntlet | Noticed a shock serpent
  9418 | Lair:1   | Reached skill level 5 in Invocations
  9596 | Lair:2   | Noticed a death yak
  9596 | Lair:2   | Noticed a death yak
  9601 | Lair:2   | Noticed a death yak
  9603 | Lair:2   | Noticed a death yak
  9604 | Lair:2   | Killed a death yak
  9605 | Lair:2   | Noticed a death yak
  9616 | Lair:2   | Noticed a death yak
  9629 | Lair:1   | Killed a death yak
  9630 | Lair:1   | Reached skill level 6 in Invocations
  9676 | Lair:1   | Killed a death yak
  9707 | Lair:1   | Reached skill level 7 in Invocations
  9723 | Lair:1   | Killed a death yak
  9724 | Lair:1   | Reached XP level 13. HP: 73/78 MP: 19/19
  9801 | Lair:2   | Reached skill level 8 in Invocations
  9928 | Lair:2   | Reached ***** piety under Dithmenos
  9934 | Lair:2   | Reached skill level 9 in Invocations
  9941 | Lair:2   | Found a transporter.
  9967 | Lair:2   | Noticed Gelos's ghost (journeyman TrWr)
  9981 | Lair:2   | Found a transporter.
 10172 | Lair:2   | Found a dark tunnel.
 10181 | Volcano  | Entered a volcano
 10250 | Volcano  | Noticed an orb of fire
 10273 | Volcano  | Noticed an orb of fire
 10285 | Volcano  | Reached skill level 10 in Invocations
 10758 | Lair:2   | Noticed Sonja
 10764 | Lair:2   | Killed Sonja
 11003 | Lair:3   | Reached skill level 9 in Dodging
 11063 | Lair:3   | Reached skill level 9 in Fighting
 11341 | Lair:3   | Reached skill level 10 in Dodging
 11363 | Lair:3   | Reached XP level 14. HP: 84/87 MP: 22/22
 11404 | Lair:3   | Reached skill level 10 in Fighting
 11563 | Lair:3   | You pick up a book of Displacement and begin reading...
 11563 | Lair:3   | You add the spells Lesser Beckoning, Gell's Gravitas and
                  | Teleport Other to your library.
 11580 | Lair:3   | Found a staircase to the Shoals.
 11966 | Lair:4   | Identified the +0 robe "Wovvimo" {rF+ Str+3}
 12236 | Lair:4   | Found a hole to the Spider Nest.
 12247 | Lair:4   | Reached skill level 11 in Dodging
 12602 | Lair:5   | Noticed Urug
 12617 | Lair:5   | Killed Urug
 12620 | Lair:5   | E - a +5 eveningstar {macerare=g}
 12689 | Lair:5   | Reached skill level 11 in Fighting
 12940 | Lair:5   | Found a runed translucent door.
 12940 | Lair:5   | Found a viscous altar of Jiyva.
 12943 | Lair:5   | Found a staircase to the Slime Pits.
 13002 | Lair:5   | Reached ****** piety under Dithmenos
 13036 | Lair:5   | Reached skill level 12 in Dodging
 13227 | Lair:5   | Reached skill level 12 in Fighting
 13324 | Lair:5   | Reached skill level 1 in Evocations
 13474 | Lair:6   | Entered Level 6 of the Lair of Beasts
 13491 | Lair:6   | Reached skill level 2 in Evocations
 13506 | Lair:5   | You drop a +5 eveningstar {macerare=g}.
 13577 | Lair:6   | Reached skill level 3 in Evocations
 13634 | Lair:6   | Reached skill level 4 in Evocations
 13816 | Lair:6   | Reached skill level 5 in Evocations
 13961 | Lair:6   | Reached skill level 6 in Evocations
 14090 | Lair:6   | Reached XP level 15. HP: 96/96 MP: 23/23
 14198 | Lair:6   | Reached skill level 7 in Evocations
 14289 | Lair:6   | Reached skill level 8 in Evocations
 14390 | Lair:6   | You pick up a book of Party Tricks and begin reading...
 14390 | Lair:6   | You add the spells Apportation and Alistair's Intoxication
                  | to your library.
 14393 | Lair:6   | Identified the +10 hand crossbow of Coxafaw {flame, rPois
                  | rN+ SInv}
 14789 | Orc:1    | Entered Level 1 of the Orcish Mines
 14817 | Orc:1    | Noticed Fannar
 14835 | Orc:1    | HP: 13/96 [orc priest/divine providence[an orc high priest]
                  | (15)]
 14838 | Orc:1    | HP: 3/96 [orc high priest/divine providence (15)]
 14899 | Orc:1    | Reached skill level 9 in Evocations
 14917 | Orc:1    | HP: 13/96 [Fannar/refrigeration (25)]
 14970 | Orc:1    | Killed Fannar
 15155 | Orc:2    | Entered Level 2 of the Orcish Mines
 15264 | Orc:2    | Noticed Donald
 15284 | Orc:2    | Killed Donald
 15300 | Orc:2    | Noticed Saint Roka
 15425 | Orc:2    | Reached skill level 10 in Evocations
 15618 | Orc:2    | Killed Saint Roka
 15782 | Orc:2    | Noticed Erolcha
 15854 | Orc:1    | Killed Erolcha
 15899 | Orc:2    | Found a staircase to the Elven Halls.
 16052 | Orc:2    | HP: 10/96 [orc knight/+0 glaive (25)]
 16127 | Orc:2    | Reached skill level 11 in Evocations
 16259 | Orc:2    | Found Noudgh's Armour Shoppe.
 16259 | Orc:2    | Found Yneotyi's Jewellery Boutique.
 16275 | Orc:2    | Found Gyra's Weapon Boutique.
 16275 | Orc:2    | Found Wagrirra's Book Shoppe.
 16294 | Orc:2    | Bought a +0 cloak of poison resistance for 144 gold pieces
 16609 | Orc:1    | Identified a +2 robe of the Archmagi
 16609 | Orc:1    | Noticed Josephine
 16644 | Orc:1    | Killed Josephine
 16918 | D:10     | Acquired a +0 longbow of freezing
 17020 | Shoals:1 | Entered Level 1 of the Shoals
 17163 | Shoals:1 | Reached skill level 12 in Evocations
 17266 | Shoals:1 | You pick up a book of the Hunter and begin reading...
 17266 | Shoals:1 | You add the spells Call Canine Familiar and Portal
                  | Projectile to your library.
 18011 | Shoals:2 | Reached XP level 16. HP: 76/101 MP: 24/24
 18362 | Shoals:2 | Found Uxaum's Jewellery Emporium.
 18380 | Shoals:2 | Bought the ring "Noem" {rC+ Will+ Str+2} for 475 gold
                  | pieces
 18380 | Shoals:2 | Bought the ring of Xih Guut {rC- rN+ AC+4 SInv} for 488
                  | gold pieces
 18653 | Shoals:3 | Noticed Bai Suzhen
 18704 | Shoals:2 | HP: 18/101 [harpy (8)]
 18712 | Shoals:2 | HP: 15/101 [harpy (12)]
 18897 | Shoals:2 | HP: 22/101 [sea snake (13)]
 18898 | Shoals:2 | HP: 4/101 [sea snake (11)]
 18904 | Shoals:2 | HP: 17/101 [merfolk impaler/+4 vorpal trident (14)]
 18907 | Shoals:2 | HP: 2/101 [merfolk impaler/+4 vorpal trident (18)]
 19041 | Shoals:2 | HP: 24/101 [Bai Suzhen (16)]
 19046 | Shoals:2 | HP: 2/101 [Bai Suzhen/torrent of water (16)]
 19183 | Shoals:2 | HP: 21/101 [Bai Suzhen/torrent of water (44)]
 19297 | Shoals:3 | Reached skill level 17 in Bows
 19297 | Shoals:3 | Reached skill level 13 in Evocations
 19502 | Shoals:3 | Identified the +0 buckler of Ykilerasm {Stlth+}
 19662 | Shoals:3 | You pick up a book of Unlife and begin reading...
 19662 | Shoals:3 | You add the spells Animate Dead, Borgnjor's Vile Clutch and
                  | Death Channel to your library.
 19741 | Shoals:3 | You pick up a book of the Warp and begin reading...
 19741 | Shoals:3 | You add the spells Dispersal and Disjunction to your
                  | library.
 20151 | Shoals:4 | Entered Level 4 of the Shoals
 20288 | Shoals:4 | Identified the +2 plate armour "Qeug Don" {Harm rC+ Str+2}
 20403 | Shoals:4 | Noticed Polyphemus
 20428 | Shoals:4 | HP: 24/101 [Polyphemus (12)]
 20436 | Shoals:4 | Killed Polyphemus
 20721 | Shoals:4 | Reached skill level 14 in Evocations
 20796 | Shoals:4 | Reached skill level 18 in Bows
 20922 | Shoals:4 | HP: 22/92 [drowned by a drowned soul[a merfolk avatar] (4)]
 21623 | Shoals:4 | Reached XP level 17. HP: 68/106 MP: 21/25
 21682 | Shoals:4 | Got a barnacled rune of Zot
 22028 | Spider:1 | Entered Level 1 of the Spider Nest
 22065 | Lair:4   | HP: 22/106 [tarantella (12)]
 22069 | Lair:4   | HP: 5/106 [culicivora (16)]
 22071 | Lair:4   | Slain by a steelbarb worm

Vanquished Creatures
  Saint Roka (Orc:2)
  Polyphemus (Shoals:4)
  Donald (Orc:2)
  A broodmother (Spider:1)
  A dire elephant (Lair:6)
  11 merfolk impalers
  Josephine (Orc:1)
  5 merfolk javelineers (Shoals:4)
  Fannar (Orc:1)
  2 boulder beetles (Lair:5)
  Harold (D:9)
  7 hydras
  Erolcha (Orc:1)
  4 merfolk avatars (Shoals:4)
  3 catoblepae
  3 alligator snapping turtles
  A centaur warrior (Shoals:2)
  2 two-headed ogres
  A deep troll shaman (Lair:6)
  2 merfolk aquamancers (Shoals:4)
  27 death yaks
  4 orc high priests
  A hell knight (Volcano)
  Sonja (Lair:2)
  Urug (Lair:5)
  11 sea snakes
  4 orc knights
  An orange crystal statue (Shoals:1)
  A deep elf pyromancer (Volcano)
  10 harpies
  12 manticores
  4 orc sorcerers
  4 fauns
  A salamander (Volcano)
  5 cyclopes (Volcano)
  12 elephants
  8 black mambas
  2 merfolk sirens
  7 water nymphs
  4 molten gargoyles (Volcano)
  4 torpor snails
  12 cane toads
  A rime drake (Lair:5)
  An efreet (Volcano)
  13 komodo dragons
  26 merfolk
  4 trolls
  7 wind drakes
  2 tarantellas (Lair:4)
  A polar bear (Lair:6)
  14 blink frogs
  2 hornets
  11 snapping turtles
  20 dream sheep
  A shadow (D:10)
  4 wraiths (Orc:1)
  2 wyverns
  A water elemental (Shoals:4)
  36 yaks
  3 fire bats (Lair:2)
  Grum (D:8)
  5 steam dragons
  4 basilisks
  5 wargs
  3 acid dragons
  13 water moccasins
  Duvessa (D:7)
  2 ice beasts
  20 orc warriors
  7 ogres
  2 sky beasts
  6 black bears
  3 centaurs
  39 wolves
  4 phantoms
  2 gnoll sergeants
  3 necrophages
  3 scorpions
  17 bullfrogs
  5 wights
  Dowan (D:7)
  2 troll zombies (D:10)
  10 killer bees
  A howler monkey (D:6)
  2 electric eels
  7 hounds
  3 jellies
  20 orc priests
  2 gnoll shamans
  19 orc wizards
  5 iguanas
  5 hell rats (Lair:6)
  4 ogre zombies (D:10)
  21 gnolls
  3 adders
  A white imp (D:5)
  3 dart slugs
  40 orcs
  9 endoplasms
  4 giant cockroaches
  5 goblins
  3 hobgoblins
  10 jackals
  3 ball pythons
  6 bats
  4 frilled lizards
  5 goblin zombies (D:10)
  2 hobgoblin skeletons (D:10)
  8 kobolds
  2 orc skeletons (D:10)
  10 orc zombies (D:10)
  5 rats
705 creatures vanquished.

Vanquished Creatures (others)
  2 harpies (Shoals:3)
  An orc (D:6)
  10 fungi
  42 plants
55 creatures vanquished.

Grand Total: 760 creatures vanquished

Table legend:
 A = Non-vault XP
 B = Vault XP
 C = Vault XP percentage of total XP
 D = Non-vault monster count
 E = Vault monster count
 F = Vault count percentage of total count
                 A         B        C        D         E       F
            +---------+---------+-------+---------+---------+-------
      Total |  115018 |   73267 |  38.9 |     525 |     180 |  25.5
            +---------+---------+-------+---------+---------+-------
        D:1 |      54 |       0 |   0.0 |      25 |       0 |   0.0
        D:2 |      16 |       0 |   0.0 |       7 |       0 |   0.0
        D:3 |     131 |       0 |   0.0 |      16 |       0 |   0.0
        D:4 |     485 |       0 |   0.0 |      26 |       0 |   0.0
        D:5 |    1249 |       0 |   0.0 |      28 |       0 |   0.0
        D:6 |    1774 |       0 |   0.0 |      32 |       0 |   0.0
        D:7 |    1618 |     218 |  11.9 |      23 |       2 |   8.0
        D:8 |    1129 |     418 |  27.0 |      10 |       3 |  23.1
        D:9 |    1655 |    6114 |  78.7 |       6 |       9 |  60.0
       D:10 |    4137 |    3153 |  43.3 |      22 |      32 |  59.3
     Lair:1 |    7604 |    2524 |  24.9 |      31 |      11 |  26.2
     Lair:2 |    4726 |    1387 |  22.7 |      12 |       4 |  25.0
     Lair:3 |   11968 |     253 |   2.1 |      45 |       1 |   2.2
     Lair:4 |    4373 |    1280 |  22.6 |      16 |       2 |  11.1
     Lair:5 |   12753 |     778 |   5.7 |      35 |       1 |   2.8
     Lair:6 |   11681 |    9284 |  44.3 |      46 |      17 |  27.0
   Shoals:1 |    5644 |     647 |  10.3 |      11 |       1 |   8.3
   Shoals:2 |   14824 |       0 |   0.0 |      27 |       0 |   0.0
   Shoals:3 |    7671 |       0 |   0.0 |      17 |       0 |   0.0
   Shoals:4 |   14816 |   24508 |  62.3 |      32 |      35 |  52.2
   Spider:1 |    1094 |       0 |   0.0 |       1 |       0 |   0.0
      Orc:1 |    3225 |    4803 |  59.8 |      31 |      16 |  34.0
      Orc:2 |    2391 |   11284 |  82.5 |      26 |      33 |  55.9
    Volcano |       0 |    6616 | 100.0 |       0 |      13 | 100.0
            +---------+---------+-------+---------+---------+-------

Illustrated notes

Table legend:
 A = Kills in this place as a percentage of kills in entire the game.
 B = Kills by you in this place as a percentage of kills by you in the entire game.
 C = Kills by friends in this place as a percentage of kills by friends in the entire game.
 D = Other kills in this place as a percentage of other kills in the entire game.
 E = Experience gained in this place as a percentage of experience gained in the entire game.
 F = Experience gained in this place divided by the number of levels of this place that you have seen.
                   A       B       C       D       E      F
               +-------+-------+-------+-------+-------+----------------------
         Total | 100.0 | 100.0 |   N/A |   N/A | 100.0 | 7241.7
       Dungeon |  34.2 |  34.2 |   N/A |   N/A |  11.8 | 2215.1
          Lair |  31.3 |  31.3 |   N/A |   N/A |  36.4 | 11435.2
        Shoals |  17.4 |  17.4 |   N/A |   N/A |  36.2 | 17027.5
   Spider Nest |   0.1 |   0.1 |   N/A |   N/A |   0.6 | 1094.0
  Orcish Mines |  15.0 |  15.0 |   N/A |   N/A |  11.5 | 10851.5
       Volcano |   1.8 |   1.8 |   N/A |   N/A |   3.5 | 6616.0
               +-------+-------+-------+-------+-------+----------------------

Table legend: (Time is in decaauts)
 A = Elapsed time spent in this place.
 B = Non-inter-level travel time spent in this place.
 C = Inter-level travel time spent in this place.
 D = Time resting spent in this place.
 E = Time spent auto-exploring this place.
 F = Levels seen in this place.
 G = Mean time per level.
                   A        B        C        D        E       F      G
               +--------+--------+--------+--------+--------+-----+--------+
         Total |  20170 |  18902 |   1268 |    920 |  11810 |  26 |  775.8 |
       Dungeon |   8339 |   7852 |    487 |    443 |   5575 |  10 |  833.9 |
        Temple |     18 |     10 |      8 |      0 |      0 |   1 |   18.0 |
          Lair |   4964 |   4526 |    438 |     22 |   2956 |   6 |  827.3 |
        Shoals |   4411 |   4198 |    213 |    343 |   2285 |   4 | 1102.8 |
   Spider Nest |     17 |     17 |      0 |      0 |      0 |   1 |   17.0 |
  Orcish Mines |   1824 |   1704 |    120 |    112 |    715 |   2 |  912.0 |
       Volcano |    347 |    347 |      0 |      0 |    140 |   1 |  347.0 |
      Gauntlet |    247 |    247 |      0 |      0 |    137 |   1 |  247.0 |
               +--------+--------+--------+--------+--------+-----+--------+

Top non-repeatable levels by time:
Shoals:4: 1521 daAuts
Shoals:2: 1334 daAuts
    D:10: 1255 daAuts
     D:1: 1183 daAuts
     D:4: 1134 daAuts
  Lair:6: 1065 daAuts
   Orc:2: 1055 daAuts
  Lair:3: 934 daAuts
     D:9: 859 daAuts
Shoals:3: 851 daAuts
  Lair:5: 829 daAuts
     D:5: 776 daAuts
   Orc:1: 769 daAuts
  Lair:1: 766 daAuts
  Lair:2: 751 daAuts
